AoeStats
← Santi Povs

Hill Fort

505098924Analyzed
2v2 RM · 25d ago on Sep 7, 2026· 42m 3s· 4 players
Game mode
Random Map
Map size
Medium (4 player)
Population
200
Speed
Normal
Resources
Standard
Victory
Conquest
Starting age
Dark Age
Ending age
Imperial Age
RankedLock teamsTeams togetherTeam positionsShared explorationLock speedFull tech treeHidden civsTurbo modeCheats
Victory
Defeat
🇨🇱 Portuguese · Chile
1044
+16
🇨🇱 Bohemians · Chile
1012
+18
🇨🇴 Celts · Colombia
1071
-18
🇨🇴 Romans · Colombia
1023
-16
Rockazo-X
10:51 Feudal Age
17:51 Castle Age
16:00 Double-Bit Axe
16:53 Loom
17:00 Horse Collar
17:15 Stone Mining
17:55 Gold Mining
18:50 Heavy Plow
19:03 Bow Saw
29:54 Imperial Age
28:59 Wheelbarrow
34:19 Scale Barding Armor
35:04 Pikeman
35:42 Halberdier
37:20 Hand Cart
39:44 Two-Man Saw
38:37 Arson
39:19 Conscription
38:22 Elite Organ Gun
39:50 Forging
39:41 Scale Mail Armor
39:41 Padded Archer Armor
39:31 Fletching
40:15 Crop Rotation
40:38 Stone Shaft Mining
41:52 Iron Casting
41:33 Chain Mail Armor
Rodo-eX
7:12 Loom
9:28 Feudal Age
18:48 Castle Age
21:04 Fervor
21:28 Horse Collar
26:20 Wheelbarrow
29:27 Imperial Age
28:33 Hand Cart
28:44 Ballistics
28:23 Double-Bit Axe
30:40 Heavy Plow
32:20 Squires
31:41 Pikeman
32:34 Forging
32:25 Scale Mail Armor
33:03 Halberdier
35:23 Iron Casting
37:04 Blast Furnace
37:56 Conscription
38:01 Town Watch
41:28 Chemistry
NickyCash
11:47 Feudal Age
10:02 Loom
18:23 Castle Age
17:16 Horse Collar
18:27 Double-Bit Axe
22:44 Stone Mining
22:46 Gold Mining
27:31 Scale Barding Armor
28:48 Forging
29:34 Chain Barding Armor
31:05 Iron Casting
41:42 Imperial Age
39:00 Town Watch
39:19 Heavy Plow
41:50 Heavy Scorpion
Santi Povs
10:06 Feudal Age
15:06 Castle Age
14:32 Horse Collar
14:46 Double-Bit Axe
16:55 Loom
17:46 Wheelbarrow
17:33 Bow Saw
20:40 Town Watch
23:43 Wheelbarrow
Connection lost

Rejoining the realm…

Still unreachable

The connection could not be restored.

Session expired

The server has moved on; the page needs a fresh start.